 Dungeon Crawl Stone Soup version 0.26-a0-852-g6321bf7485 (webtiles) character file.

Game seed: 2321469837639950297

201 dolemite99 the Ruffian (level 5, -2/50 HPs)
             Began as a Troll Fighter on Nov 21, 2020.
             Was an Initiate of Yredelemnul.
             Slain by an ogre
             ... wielding a +0 giant spiked club
              (11 damage)
             ... on level 3 of the Dungeon.
             The game lasted 00:02:23 (1678 turns).

dolemite99 the Ruffian (Troll Fighter)              Turns: 1678, Time: 00:02:23

Health: -2/50      AC:  9    Str: 25    XL:     5   Next: 50%
Magic:  4/4        EV:  8    Int:  4    God:    Yredelemnul [......]
Gold:   156        SH:  9    Dex:  9    Spells: 4/4 levels left

rFire    . . .     SeeInvis .     - Unarmed
rCold    . . .     Faith    .   b - +0 kite shield
rNeg     . . .     Spirit   .   a - +0 robe
rPois    .         Reflect  .   (helmet restricted)
rElec    .         Harm     .   x - +2 cloak
rCorr    .         Rampage  .   (gloves unavailable)
MR       .....                  (boots unavailable)
Stlth    +.........             d - amulet of regeneration
HPRegen  0.96/turn              (no ring)
MPRegen  0.09/turn              (no ring)

@: mighty
A: large, unfitting armour, claws 3, regeneration 1, shaggy fur 1, tough skin 3
a: Renounce Religion


You were on level 3 of the Dungeon.
You worshipped Yredelemnul.
Yredelemnul was noncommittal.
You visited 1 branch of the dungeon, and saw 3 of its levels.

You collected 156 gold pieces.

Inventory:

Hand Weapons
 f - a +5 spear
Missiles
 k - 78 stones (quivered)
 l - 51 arrows
 o - 16 bolts
Armour
 a - a +0 robe (worn)
 b - a +0 kite shield (worn)
 g - a +1 hat
 n - a +0 tower shield
 x - a +2 cloak (worn)
Jewellery
 d - an amulet of regeneration (around neck)
 i - an uncursed ring of poison resistance {unknown}
 r - a +6 ring of dexterity {unknown}
Wands
 q - a wand of polymorph (8)
Scrolls
 e - 3 scrolls of teleportation
Potions
 c - a potion of might
 h - a potion of heal wounds {unknown}
 j - a potion of haste {unknown}
 m - 2 potions of degeneration {unknown}
 t - 2 potions of curing {unknown}
 v - a potion of attraction {unknown}


   Skills:
 - Level 2.4 Fighting
 - Level 2.4 Dodging
 - Level 4.0 Shields
 + Level 4.3 Unarmed Combat


You had 4 spell levels left.
You didn't know any spells.
Your spell library was empty.

Dungeon Overview and Level Annotations

Branches:
Dungeon (3/15)

Altars:
Yredelemnul


Innate Abilities, Weirdness & Mutations

You are too large for most types of armour.
You have claws for hands.
Your natural rate of healing is unusually fast.
You are covered in fur. (AC +1)
You have extremely tough skin. (AC +3)


Message History

Aim: an ogre, wielding a +0 giant spiked club (lightly wounded)
You throw a stone. The stone hits the ogre.
The ogre is lightly wounded.
The ogre closely misses you.
Throwing (i - inventory)
k - 79 stones (quivered)
Press: ? - help, Shift-Dir - straight line, f/p - ogre
Aim: an ogre, wielding a +0 giant spiked club (lightly wounded)
You throw a stone. The stone barely misses the ogre.
The ogre hits you with a +0 giant spiked club!!
You claw the ogre!
The ogre is heavily wounded.
You claw the ogre!
The ogre is almost dead.
The ogre hits you with a +0 giant spiked club!!
Ouch! That really hurt!
* * * LOW HITPOINT WARNING * * *
You feel very mighty all of a sudden.
The ogre hits you with a +0 giant spiked club!
You die...
Your body rises from the dead as a mindless zombie.

### ## #.. .# #### #.# )###
..# #.# ... #.# #.###!#
##.## ######.....##.#..
##...###.@O(..(.........
#####.#.#.##.######.........
##...)........# #.###....?
#...##.#.#.###.# ..# ##..
###.†.###...## #.# ##.# .
#.......##.## .# #.#
...........# # ..#
###.....#### #. ###
##..##########....


You could see an ogre.

Vanquished Creatures
  A phantom (D:2)
  Terence (D:3)
  Jessica (D:2)
  2 adders (D:2)
  A worm (D:2)
  3 leopard geckos
  An orc (D:3)
  5 bats
  A giant cockroach (D:2)
  3 hobgoblins
  6 jackals
  5 frilled lizards
  5 goblins
  4 kobolds
  A rat (D:1)
40 creatures vanquished.

Notes
Turn   | Place    | Note
-------+----------+-------------------------------------------
     0 | D:1      | dolemite99 the Troll Fighter began the quest for the Orb.
     0 | D:1      | Reached XP level 1. HP: 22/22 MP: 0/0
   119 | D:1      | Reached XP level 2. HP: 29/29 MP: 1/1
   673 | D:2      | Noticed Jessica
   679 | D:2      | Killed Jessica
   680 | D:2      | Reached XP level 3. HP: 33/36 MP: 2/2
   845 | D:2      | Noticed a phantom
   886 | D:2      | Killed a phantom
   887 | D:2      | Reached XP level 4. HP: 21/44 MP: 3/3
   887 | D:2      | Reached XP level 5. HP: 24/50 MP: 4/4
  1115 | D:2      | Found a basalt altar of Yredelemnul.
  1134 | D:2      | Became a worshipper of Yredelemnul the Dark
  1616 | D:3      | Noticed Terence
  1635 | D:3      | Killed Terence
  1662 | D:3      | Noticed an ogre
  1678 | D:3      | Slain by an ogre

Illustrated notes

Levels and vault maps discovered:
D:1:      dpeg_arrival_arbitrary_c, layout_basic, minmay_tromino_v4_a
D:2:      layout_loops_ring, yredelemnul_altar_generic, uniq_jessica
D:3:      layout_loops_ring, grunt_ministairs_5, uniq_terence

Skill      XL: |  1  2  3  4  5 |
---------------+----------------+-----
Shields        | 3 4 |  4.0
Unarmed Combat | 3 4 |  4.3
Fighting       | |  2.4
Dodging        | |  2.4

Action                   |  1- 3 |  4- 6 || total
-------------------------+-------+-------++-------
Melee: Unarmed           |    65 |    48 ||   113
Throw: Stone             |    32 |    21 ||    53
  Use: Potion            |     2 |     1 ||     3
       Scroll            |       |     6 ||     6
Armor: Robe              |    15 |    10 ||    25
Dodge: Dodged            |    21 |    13 ||    34
Block: Kite shield       |    30 |    16 ||    46

Table legend: (Time is in decaauts)
 A = Elapsed time spent in this place.
 B = Non-inter-level travel time spent in this place.
 C = Inter-level travel time spent in this place.
 D = Time resting spent in this place.
 E = Time spent auto-exploring this place.
 F = Levels seen in this place.
 G = Mean time per level.
                   A        B        C        D        E       F      G
               +--------+--------+--------+--------+--------+-----+--------+
         Total |   1687 |   1609 |     78 |    249 |    942 |   3 |  562.3 |
       Dungeon |   1687 |   1609 |     78 |    249 |    942 |   3 |  562.3 |
               +--------+--------+--------+--------+--------+-----+--------+

Top non-repeatable levels by time:
     D:2: 882 daAuts
     D:1: 676 daAuts
     D:3: 128 daAuts
